 Dungeon Crawl Stone Soup version 0.31.0-12-g77e489cdc1 (webtiles) character file.

Game seed: 17395232835892425827

9402 Gadfly the Demon Slayer (level 11, 0/67 HPs)
             Began as a Gargoyle Fighter on Mar 1, 2024.
             Was a High Priest of the Shining One.
             Killed by divine providence
             ... invoked by an orc priest
              (12 damage)
             ... on level 10 of the Dungeon.
             The game lasted 00:13:15 (8073 turns).

Gadfly the Demon Slayer (Gargoyle Fighter)          Turns: 8073, Time: 00:13:15

Health: 0/67       AC: 39    Str: 35    XL:     11   Next: 45%
Magic:  0/17       EV: 10    Int:  9    God:    the Shining One [*****.]
Gold:   1228       SH:  5    Dex: 11    Spells: 10/10 levels left

rFire   . . .        a - +6 flail of Jueck {protect, rN+}
rCold   . . .        c - +0 buckler
rNeg    + + +        i - +10 chain mail "Jicluoq" {Str+7}
rPois   ∞            (no helmet)
rElec   +            v - +0 cloak
rCorr   .            h - +1 pair of gloves
SInv    .            (no boots)
Will    .....        n - amulet of guardian spirit Stlth
                     q - +6 ring of strength
HPRegen 0.31/turn    (no ring)
MPRegen 0.15/turn

%: guardian spirit
@: under a protective aura, glowing
A: sickness immunity, AC +8, negative energy resistance 1, electricity
resistance, torment resistance 1, petrification resistance
a: Renounce Religion, Divine Shield, Cleansing Flame, Summon Divine Warrior


You were on level 10 of the Dungeon.
You worshipped the Shining One.
The Shining One was extremely pleased with you.
You visited 2 branches of the dungeon, and saw 11 of its levels.
You also visited: Ossuary.

You collected 1595 gold pieces.
You spent 367 gold pieces at shops.

Inventory:

Hand Weapons
 a - the +6 flail of Jueck (weapon) {protect, rN+}
   (You bought it in a shop on level 6 of the Dungeon)

   rN+:       It protects you from negative energy.
 b - a +2 morningstar of flaming
Armour
 c - a +0 buckler (worn)
 h - a +1 pair of gloves (worn)
 i - the +10 chain mail "Jicluoq" (worn) {Str+7}
   (You took it off a kobold on level 3 of the Dungeon)

   Str+7:     It affects your strength (+7).
 v - a +0 cloak (worn)
Jewellery
 n - an amulet of guardian spirit (around neck)
 q - a +6 ring of strength (left hand)
Wands
 f - a wand of iceblast (14)
 j - a wand of polymorph (8)
 A - a wand of acid (4)
Scrolls
 l - 2 scrolls of teleportation
 o - 2 scrolls of enchant armour
 p - 2 scrolls of enchant weapon
 s - a scroll of fear
 w - 2 scrolls of vulnerability
 y - 2 scrolls of poison
 B - 2 scrolls of revelation
 C - a scroll of identify
 E - a scroll of fog {unknown}
Potions
 d - 2 potions of might
 e - 12 potions of curing
 g - 2 potions of haste
 k - a potion of enlightenment
 m - 4 potions of heal wounds
 r - a potion of mutation
 t - a potion of berserk rage {unknown}
 u - 2 potions of lignification
 z - a potion of cancellation
 D - 2 potions of ambrosia {unknown}


   Skills:
 + Level 7.0 Fighting
 * Level 8.3 Maces & Flails
 + Level 7.1 Armour
 + Level 3.6 Dodging
 + Level 7.1 Shields
 * Level 8.7 Invocations
 * Level 7.3 Evocations


You had 10 spell levels left.
You didn't know any spells.
Your spell library contained the following spells:

 Spells                   Type           Power      Damage    Failure   Level
 Apportation              Tloc           0%         N/A       80%         1
 Kiss of Death            Conj/Necr      0%         2d5       80%         1
 Jinxbite                 Hex            0%         N/A       91%         2
 Confusing Touch          Hex            0%         N/A       99%         3
 Inner Flame              Hex/Fire       0%         N/A       99%         3
 Dispel Undead            Necr           0%         3d6       100%        4
 Flame Wave               Conj/Fire      0%         2d4       100%        4
 Sticky Flame             Fire/Alch      0%         2d4       100%        4
 Vhi's Electric Charge    Tloc/Air       0%         N/A       100%        4
 Alistair's Intoxication  Alch           0%         N/A       100%        5
 Arcjolt                  Conj/Air       0%         1d10      100%        5
 Maxwell's Capacitive Co  Air            0%         ∞         100%        8


Dungeon Overview and Level Annotations

Branches:
Dungeon (10/15)            Temple (1/1) D:5            Lair (0/5) D:9
Ossuary (visited)
    Orc: D:9-12

Altars:
Ashenzari
Cheibriados
Dithmenos
Elyvilon
Fedhas
Gozag
Hepliaklqana
Kikubaaqudgha
Makhleb
Nemelex Xobeh
Okawaru
Qazlal
Ru
Sif Muna
Trog
Uskayaw
Vehumet
Wu Jian
Xom
Yredelemnul
Zin
The Shining One

Shops:
D:3 (   D:6 *


Innate Abilities, Weirdness & Mutations

You are immune to sickness and miasma.
Your stone body is resilient. (AC +8)
You are immune to poison.
You resist negative energy. (rN+)
You are resistant to electric shocks. (rElec)
You are resistant to unholy torment.
You are immune to petrification.


Message History

The orc wizard hits you but does no damage.
You hit the orc wizard.
The orc wizard is moderately wounded.
The orc wizard points at you and mumbles some strange words.
The magic dart hits you but does no damage.
You are too injured to fight recklessly!
You sock the orc wizard!
You kill the orc wizard!
You block the orc's attack.
The orc wizard hits you but does no damage. x2
Items here: ))) [[[.
You sock the orc wizard!
The orc wizard is heavily wounded.
You block the orc's attack.
The orc wizard gestures at you while chanting.
You easily resist.
The orc wizard closely misses you. The orc attacks as it pursues you!
The orc hits you but does no damage.
Items here: )) [ †.
You bludgeon the orc!!
You kill the orc!
You sock the orc wizard!
The orc wizard is severely wounded.
The orc wizard points at you and mumbles some strange words.
The puff of flame hits you but does no damage.
You bludgeon the orc wizard!!
You kill the orc wizard!
The orc priest calls upon Beogh to heal the orc wizard.
The orc wizard is healed somewhat.
The orc wizard casts a spell.
The orc wizard flickers and vanishes for a moment.
The orc priest calls down the wrath of Beogh upon you.
Beogh smites you!
* * * LOW HITPOINT WARNING * * *
The orc priest calls down the wrath of Beogh upon you.
Beogh smites you!
* * * LOW HITPOINT WARNING * * *
There are monsters nearby!
The orc priest mumbles some strange prayers to Beogh against you.
Beogh smites you!
You die...

#####.#........##.#
........###........
......### #.##.###.
#####.# #.##.#
.#.####.##.## .#
#.........######.#
##
#.####.##....<....#
#.##...#####.#
#.##..@#
###.##...#####.#
...............#
######o######.# ###
#)# .....##o######.
....o.ooo....).
.......oo.##...
....##....#


You could see 2 orc priests, an orc wizard (invisible) and 2 orcs.

Vanquished Creatures
  A boulder beetle (D:6)
  A two-headed ogre (D:6)
  2 trolls
  A hornet (D:7)
  A wyvern (D:10)
  A human (D:9)
  3 hogs (D:9)
  15 yaks
  Menkaure (Ossuary)
  A water moccasin (D:9)
  3 orc warriors
  4 ice beasts
  3 black bears
  2 ogres (D:5)
  2 sky beasts
  3 phantoms
  3 elf zombies (D:7)
  5 bullfrogs
  2 kobold brigands
  A gnoll sergeant (D:7)
  A scorpion (D:5)
  An elf skeleton (D:7)
  A burial acolyte (D:7)
  11 wights
  A troll zombie (Ossuary)
  3 electric eels (D:7)
  4 howler monkeys
  2 bombardier beetles
  2 centaur zombies (Ossuary)
  3 human zombies
  2 jellies
  A hound (D:6)
  Crazy Yiuf (D:6)
  3 orc priests
  2 gnoll boudas
  2 iguanas
  Ijyb (D:3)
  3 human skeletons (D:7)
  6 orc wizards
  2 ogre zombies (Ossuary)
  2 hound zombies (D:7)
  6 mummies (Ossuary)
  5 adders
  14 gnolls
  3 shadow imps
  3 white imps
  An ufetubus (D:7)
  4 adder zombies
  3 dart slugs
  14 orcs
  5 ball pythons
  6 endoplasms
  2 giant cockroaches
  2 gnoll zombies (D:7)
  3 goblins
  5 hobgoblins
  7 jackals (D:1)
  3 quokkas
  11 bats
  9 frilled lizards
  8 goblin zombies (Ossuary)
  4 hobgoblin zombies (Ossuary)
  18 kobolds
  5 kobold zombies
  An orc skeleton (D:7)
  An orc zombie (D:7)
  3 quokka zombies (Ossuary)
  6 rats
  3 rat zombies (Ossuary)
264 creatures vanquished.

Vanquished Creatures (others)
  2 kobolds (D:7)
2 creatures vanquished.

Grand Total: 266 creatures vanquished

Notes
Turn   | Place    | Note
-------+----------+-------------------------------------------
     0 | D:1      | Gadfly the Gargoyle Fighter began the quest for the Orb.
     0 | D:1      | Reached XP level 1. HP: 14/14 MP: 1/1
   115 | D:1      | Reached XP level 2. HP: 19/19 MP: 2/2
   250 | D:1      | Reached skill level 1 in Invocations
   341 | D:1      | Reached XP level 3. HP: 17/23 MP: 3/3
   520 | D:1      | Reached skill level 1 in Evocations
   982 | D:2      | Reached XP level 4. HP: 28/28 MP: 5/5
  1072 | D:3      | Noticed Ijyb
  1089 | D:3      | Killed Ijyb
  1447 | D:3      | Found Urrantul's Weapon Shoppe.
  1507 | D:3      | Found a shimmering blue altar of Sif Muna.
  1513 | D:3      | Found a bloodstained altar of Trog.
  1643 | D:3      | Identified the +10 chain mail "Jicluoq" {Str+7}
  1667 | D:3      | Found a snail-covered altar of Cheibriados.
  1813 | D:3      | Reached XP level 5. HP: 33/33 MP: 6/6
  2627 | D:5      | Entered Level 5 of the Dungeon
  2666 | D:5      | Noticed an ogre
  2675 | D:5      | Killed an ogre
  2676 | D:5      | Reached XP level 6. HP: 38/38 MP: 6/8
  2709 | D:5      | Noticed a black bear
  2786 | D:5      | Killed a black bear
  2787 | D:5      | Reached XP level 7. HP: 35/43 MP: 9/9
  3138 | D:5      | Found a staircase to the Ecumenical Temple.
  3159 | Temple   | Entered the Ecumenical Temple
  3191 | Temple   | Became a worshipper of the Shining One
  3388 | D:5      | Reached XP level 8. HP: 23/48 MP: 6/11
  3722 | D:6      | Found Vytz's Assorted Antiques.
  3761 | D:6      | Bought a scroll labelled NOEPSIUSMU for 21 gold pieces
  3761 | D:6      | Bought a scroll labelled ANEUBLE VIREPE for 21 gold pieces
  3761 | D:6      | Bought a fading flail for 178 gold pieces
  3761 | D:6      | Identified the +6 flail of Jueck {protect, rN+} (You bought
                  | it in a shop on level 6 of the Dungeon)
  3946 | D:6      | Noticed a boulder beetle
  3971 | D:6      | Killed a boulder beetle
  3972 | D:6      | Reached skill level 5 in Fighting
  3972 | D:6      | Reached skill level 5 in Maces & Flails
  3972 | D:6      | Reached skill level 5 in Armour
  3972 | D:6      | Reached skill level 1 in Dodging
  3972 | D:6      | Reached skill level 5 in Shields
  3972 | D:6      | Reached skill level 5 in Invocations
  3972 | D:6      | Reached XP level 9. HP: 19/54 MP: 5/13
  4044 | D:6      | Noticed a two-headed ogre
  4051 | D:6      | Killed a two-headed ogre
  4052 | D:6      | Reached skill level 5 in Evocations
  4624 | D:6      | Found a runed translucent door.
  4625 | D:6      | Noticed Crazy Yiuf
  4630 | D:6      | Killed Crazy Yiuf
  4774 | D:6      | Reached * piety under the Shining One
  4899 | D:7      | Reached XP level 10. HP: 60/60 MP: 13/15
  4981 | D:7      | Reached ** piety under the Shining One
  4987 | D:7      | Found a sand-covered staircase.
  5001 | Ossuary  | Entered an ossuary
  5129 | Ossuary  | Reached *** piety under the Shining One
  5276 | Ossuary  | Reached **** piety under the Shining One
  5276 | Ossuary  | Noticed Menkaure
  5283 | Ossuary  | Killed Menkaure
  5879 | D:7      | Reached ***** piety under the Shining One
  5925 | D:7      | Identified the +0 robe of Curiosity {rF- Str+5}
  5984 | D:7      | Found an ancient bone altar of Kikubaaqudgha.
  6555 | D:8      | Identified the +0 scale mail of Zuleacit {Str+5 Dex-3
                  | Stlth+}
  7072 | D:8      | Identified a scroll of acquirement
  7072 | D:8      | Acquired 1058 gold pieces
  7128 | D:6      | Bought a bronze wand for 84 gold pieces
  7128 | D:6      | Bought a potion of curing for 63 gold pieces
  7312 | D:9      | Found a shadowy altar of Dithmenos.
  7312 | D:9      | Found a sparkling altar of Nemelex Xobeh.
  7505 | D:9      | Found a staircase to the Lair.
  7685 | D:9      | Reached XP level 11. HP: 66/66 MP: 17/17
  7785 | D:10     | Entered Level 10 of the Dungeon
  7864 | D:10     | Found a shimmering altar of Xom.
  8073 | D:10     | Killed from afar by an orc priest

Illustrated notes

Levels and vault maps discovered:
D:1:      minmay_arrival_four_loops, layout_basic, minmay_box_of_dots
D:2:      layout_basic
D:3:      layout_loops_cross, lemuel_tele_altar,
          hellmonk_overflow_destroyed_library, serial_shops,
          nicolae_shop_bloodbath_and_beyond, uniq_ijyb
D:4:      layout_rooms
D:5:      layout_rooms, minmay_temple_entry_crystal_x
D:6:      minmay_cornered_nines, layout_gridville, serial_shops, shop,
          uniq_crazy_yiuf_cottage
D:7:      minmay_octagon_keep, layout_rooms,
          regret_index_kikubaaqudgha_part_by_part,
          nicolae_ossuary_entry_catacombs, chequers_big_river
D:8:      layout_basic, hangedman_abyss_or_decor_stagger
D:9:      layout_rooms, gammafunk_temple_overflow_elements, lair_entry_dummy,
          grunt_livestock, due_unseen_surprise
D:10:     layout_loops_ring, xom_teletrap_fun, erik_orc_4, serial_demonic,
          serial_demonic_c, serial_demonic_b, serial_demonic_b, serial_demonic_b
Temple:   regret_index_temple_waves

Skill      XL: |  1  2  3  4  5  6  7  8  9 10 11 |
---------------+----------------------------------+-----
Invocations    | 1 2 3 4 5 6 8 |  8.7
Evocations     | 1 2 3 4 5 6 7 |  7.3
Maces & Flails | 3 4 5 6 7 8 |  8.3
Shields        | 4 5 6 7 |  7.1
Fighting       | 4 5 6 7 |  7.0
Armour         | 4 5 6 7 |  7.1
Dodging        | 1 2 3 |  3.6

Action                     |  1- 3 |  4- 6 |  7- 9 | 10-12 || total
---------------------------+-------+-------+-------+-------++-------
  Melee: Flail             |    19 |       |   103 |   412 ||   534
         Mace              |   118 |   132 |    82 |       ||   332
         Unarmed           |       |    11 |       |       ||    11
  Evoke: Wand              |       |       |     3 |       ||     3
    Use: Scroll            |     2 |     7 |     3 |     6 ||    18
         Potion            |       |     1 |       |     5 ||     6
   Stab: Invisible         |       |     2 |       |       ||     2
 Armour: Scale mail        |   119 |    95 |    26 |       ||   240
         Skin              |       |     3 |       |       ||     3
         Chain mail        |       |       |   123 |   289 ||   412
  Dodge: Dodged            |    93 |    78 |    67 |   151 ||   389
  Block: Buckler           |    46 |    27 |    37 |    89 ||   199
